[Event "Team 45 45 League T45"]
[Site "Internet Chess Club"]
[Date "2010.06.10"]
[Round "6"]
[White "rookmaster23"]
[Black "BrandonBee"]
[Result "0-1"]
[WhiteElo "1406"]
[BlackElo "1542"]
[Opening "Dutch defense"]
[ECO "A87"]
[Time "15:00:12"]
[TimeControl "2700+45"]

1. d4 f5 2. g3 Nf6 3. Bg2 g6 4. Nf3 Bg7 5. O-O O-O 6. c4 c6 7. Nc3 Na6 8. Bg5 d6
9. Bxf6 Bxf6 10. e4 fxe4 11. Nxe4 Bg7 12. Re1 Nc7 13. Rc1 Bg4 14. Qd3 Bxf3 15.
Bxf3 Bxd4 16. Ng5 e5 17. Ne4 Ne6 18. Bg4 Ng5 19. Rf1 Nxe4 20. Qxe4 Qb6 21. Qc2
Rf6 22. Rcd1 Raf8 23. Rd2 Qc5 24. a3 b5 25. cxb5 cxb5 26. Bd7 a6 27. Qb3+ Kg7
28. Rc2 Qa7 29. Rfc1 Bxf2+ 30. Kg2 Bc5 31. Bh3 Qb7+ {White resigns} 0-1

[Event "Team 45 45 League T45"]
[Site "Internet Chess Club"]
[Date "2010.06.12"]
[Round "6"]
[White "radiohead"]
[Black "SilverBlade"]
[Result "1/2-1/2"]
[WhiteElo "1326"]
[BlackElo "1581"]
[Opening "King's Indian: 6.Be2"]
[ECO "E91"]
[Time "10:00:26"]
[TimeControl "2700+45"]

1. d4 Nf6 2. c4 d6 3. Nc3 g6 4. e4 Bg7 5. Nf3 O-O 6. Be2 Nbd7 7. O-O c5 8. d5 a6
9. Rb1 Nb6 10. h3 Nfd7 11. Be3 Ne5 12. Nxe5 Bxe5 13. Qd2 f5 14. exf5 Bxf5 15.
Bd3 Bxd3 16. Qxd3 Qd7 17. Ne4 Qf5 18. b3 Nd7 19. Rbd1 Bg7 20. Ng5 Qxd3 21. Rxd3
Bf6 22. Ne6 Rf7 23. Bh6 Ne5 24. Rdd1 b5 25. f4 Nd7 26. Rde1 bxc4 27. bxc4 Nb6
28. Ng5 Bxg5 29. Bxg5 Re8 30. Re4 Kf8 31. Bh6+ Kg8 32. Rfe1 Na4 33. Bg5 Kf8 34.
Bh6+ Kg8 35. Bg5 Kf8 36. Bh6+ Kg8 {Game drawn by repetition} 1/2-1/2

[Event "Team 45 45 League T45"]
[Site "Internet Chess Club"]
[Date "2010.06.12"]
[Round "6"]
[White "Xanther"]
[Black "oldprez"]
[Result "1-0"]
[WhiteElo "1473"]
[BlackElo "1332"]
[Opening "Caro-Kann: Panov-Botvinnik attack, 5...g6"]
[ECO "B14"]
[Time "11:00:18"]
[TimeControl "2700+45"]

1. e4 c6 2. d4 d5 3. exd5 cxd5 4. c4 Nf6 5. Nc3 g6 6. Be3 Bg7 7. Rc1 a6 8. cxd5
Nxd5 9. Nxd5 Qxd5 10. Rxc8+ Kd7 11. Rxh8 Bxh8 12. b3 Nc6 13. Bc4 Qa5+ 14. Kf1
Qxa2 15. Nf3 Rd8 16. Bxf7 Kc8 17. Be6+ Kb8 18. d5 Nb4 19. Bf4+ Ka7 20. Bc7 Nc6
21. Bxd8 Nxd8 22. g3 Qa5 23. Kg2 Qb6 24. Re1 Bc3 25. Re3 Bb4 26. Re4 Bc5 27. Qd2
Qxb3 28. Nd4 Bxd4 29. Qxd4+ Qb6 30. Qxb6+ Kxb6 31. Bd7 Kc5 32. Rxe7 Kxd5 33. Bc8
b5 34. Rd7+ Kc5 35. Rxd8 a5 36. Be6 b4 37. Bb3 Kc6 38. Ra8 Kb6 39. Rb8+ Kc5 40.
Rh8 Kd4 41. Rxh7 Kc3 42. Ba4 b3 43. Rb7 b2 44. Kf3 g5 45. Kg4 {Black resigns}
1-0

[Event "Team 45 45 League T45"]
[Site "Internet Chess Club"]
[Date "2010.06.11"]
[Round "6"]
[White "Campagnolo"]
[Black "ElCreyente"]
[Result "1/2-1/2"]
[WhiteElo "2061"]
[BlackElo "2275"]
[Opening "King's Indian: orthodox, Aronin-Taimanov, bayonet attack"]
[ECO "E97"]
[Time "05:01:05"]
[TimeControl "2700+45"]

1. d4 Nf6 2. c4 g6 3. Nc3 Bg7 4. e4 d6 5. Nf3 O-O 6. Be2 e5 7. O-O Nc6 8. d5 Ne7
9. b4 Nh5 10. Re1 a5 11. bxa5 Rxa5 12. Nd2 Nf4 13. Bf1 c5 {Game drawn by mutual
agreement} 1/2-1/2

[Event "Team 45 45 League T45"]
[Site "Internet Chess Club"]
[Date "2010.06.13"]
[Round "6"]
[White "Paulkov"]
[Black "cesaralexander"]
[Result "1-0"]
[WhiteElo "2247"]
[BlackElo "1964"]
[Opening "French: Rubinstein variation"]
[ECO "C10"]
[Time "21:51:42"]
[TimeControl "2700+45"]

1. e4 e6 2. d4 d5 3. Nc3 dxe4 4. Nxe4 Nd7 5. Nf3 Ngf6 6. Bd3 c5 7. O-O cxd4 8.
Nxd4 a6 9. Re1 Be7 10. c3 O-O 11. Nxf6+ Nxf6 12. Bf4 Qb6 13. Qc2 Bd7 14. Rad1
Rac8 15. Be5 g6 16. Qb3 Qxb3 17. axb3 Rfd8 18. Be2 Nd5 19. Bf3 Bc6 20. Nxc6 bxc6
21. b4 c5 22. bxc5 Bxc5 23. Ra1 Nc7 24. Bb7 f6 {Black resigns} 1-0

[Event "Team 45 45 League T45"]
[Site "Internet Chess Club"]
[Date "2010.06.10"]
[Round "6"]
[White "Holm"]
[Black "az2112"]
[Result "0-1"]
[WhiteElo "1875"]
[BlackElo "1775"]
[Opening "Queen's pawn game"]
[ECO "E20"]
[Time "12:00:15"]
[TimeControl "2700+45"]

1. d4 Nf6 2. c4 e6 3. Nc3 b6 4. e4 Bb7 5. Bd3 Bb4 6. Qc2 Nc6 7. Ne2 e5 8. a3
Nxd4 9. Nxd4 exd4 10. axb4 dxc3 11. bxc3 h6 12. O-O d6 13. Be3 O-O 14. Rad1 Re8
15. f3 d5 16. cxd5 Nxd5 17. Bf2 Nf4 18. Bc4 Qf6 19. Rd7 Re7 20. Rfd1 Rae8 21.
Qa2 Bc8 22. Rd8 Be6 23. Rxe8+ Rxe8 24. Bd4 Bxc4 25. Qxc4 Qg6 26. g3 Nh3+ 27. Kg2
Nf4+ 28. Kh1 Ne6 29. Be3 Qf6 30. f4 Rd8 31. Rxd8+ Qxd8 32. Qd5 Kf8 33. Kg2 Qxd5
34. exd5 Nd8 35. f5 Ke7 36. Kf3 h5 37. Bg5+ Kd7 38. Ke4 Nb7 39. Bf4 Nd6+ 40.
Bxd6 Kxd6 41. Kd4 a5 42. bxa5 bxa5 43. c4 c5+ 44. dxc6 Kxc6 45. Kc3 Kc5 46. Kb3
a4+ 47. Kxa4 Kxc4 48. h3 g6 49. fxg6 fxg6 50. g4 hxg4 51. hxg4 g5 52. Ka3 Kc3
53. Ka2 Kc2 54. Ka1 Kd3 55. Kb2 Kd2 56. Kb1 Ke3 57. Kc2 Ke2 58. Kc1 Kf3 59. Kd2
Kxg4 60. Ke2 Kg3 61. Kf1 Kh2 62. Kf2 g4 63. Kf1 g3 {White resigns} 0-1

[Event "Team 45 45 League T45"]
[Site "Internet Chess Club"]
[Date "2010.06.20"]
[Round "6"]
[White "Magagna"]
[Black "Budzo"]
[Result "0-1"]
[WhiteElo "1877"]
[BlackElo "1827"]
[Opening "QGD"]
[ECO "D52"]
[Time "12:05:43"]
[TimeControl "2700+45"]

1. d4 d5 2. c4 c6 3. Nc3 Nf6 4. Nf3 e6 5. Bg5 Nbd7 6. e3 Be7 7. Qc2 O-O 8. a3 h6
9. Bxf6 Nxf6 10. h3 Re8 11. cxd5 exd5 12. Bd3 Be6 13. O-O Qc7 14. b4 Rac8 15.
Rfb1 Bd6 16. a4 a6 17. Rb2 Qe7 18. Rab1 Rc7 19. Ne2 Rec8 20. Qd1 Nd7 21. b5 cxb5
22. axb5 a5 23. b6 Rc6 24. Qa4 Bb4 25. Ne5 Nxe5 26. dxe5 Rxb6 27. Nf4 Rbc6 28.
Qd1 Qc7 29. Ne2 Qxe5 30. Nd4 R6c7 31. Nc2 Bd6 32. f4 Qc3 33. Rxb7 Rxb7 34. Rxb7
Rb8 35. Rxb8+ Bxb8 36. f5 Bd7 37. Nd4 Be5 38. Nf3 Bd6 39. g4 Bc5 40. Qe2 Qc1+
41. Kf2 Ba4 42. Nd2 Qb2 43. Nb1 Qxe2+ 44. Kxe2 Bb4 45. Nd2 Bxd2 46. Kxd2 Kf8 47.
Kc3 Ke7 48. Kd4 Kd6 49. h4 Bb3 50. g5 hxg5 51. hxg5 a4 52. Kc3 Bc4 53. Bxc4 dxc4
54. Kxc4 Ke5 55. g6 f6 56. Kb4 Ke4 57. Kxa4 Kxe3 58. Kb4 Ke4 59. Kc4 Kxf5 60.
Kd4 Kxg6 61. Ke4 Kg5 62. Kf3 Kf5 63. Kg3 Ke4 64. Kf2 Kf4 65. Kg2 Ke3 66. Kg1 f5
67. Kf1 f4 68. Kg1 Ke2 {White resigns} 0-1

[Event "Team 45 45 League T45"]
[Site "Internet Chess Club"]
[Date "2010.06.13"]
[Round "6"]
[White "AG2009"]
[Black "Boromir"]
[Result "1-0"]
[WhiteElo "2153"]
[BlackElo "1970"]
[Opening "QGD Slav: 4.e3 Bf5"]
[ECO "D12"]
[Time "11:01:45"]
[TimeControl "2700+45"]

1. d4 d5 2. Nf3 Nf6 3. c4 c6 4. e3 Bf5 5. Nc3 e6 6. Nh4 Bg6 7. Be2 Be7 8. O-O
Nbd7 9. g3 Ne4 10. Nxg6 Nxc3 11. bxc3 hxg6 12. Qb3 b6 13. cxd5 cxd5 14. c4 Nf6
15. a4 O-O 16. a5 dxc4 17. Bxc4 bxa5 18. Bd2 Qb6 19. Bxa5 Qxb3 20. Bxb3 Rfc8 21.
Rfc1 Kf8 22. Kg2 Rab8 23. Bd1 Rxc1 24. Rxc1 Bd8 25. Be1 Ke7 26. Kf3 Nd5 27. e4
Nb4 28. Rb1 a5 29. Ba4 Bc7 30. Bd2 f5 31. h4 Bd8 32. g4 Kf7 33. h5 fxg4+ 34.
Kxg4 gxh5+ 35. Kxh5 Bf6 36. Be3 Rd8 37. Rd1 Rc8 38. Rd2 Rc1 39. Rd1 Rc8 40. Kg4
Nc2 41. Kf4 Nxe3 42. fxe3 Rc4 43. Ra1 Bd8 44. e5 g5+ 45. Ke4 Ke7 46. Bd1 Kf8 47.
Bg4 Rc6 48. Rb1 Bb6 49. Kd3 Bd8 50. Rb8 Ke8 51. Ra8 Rb6 52. Kc4 Rc6+ 53. Kb5 Rc3
54. Bxe6 Rxe3 55. Kc6 Ke7 56. Kd5 Rb3 57. Ra7+ Ke8 58. Bd7+ Kf8 59. Kd6 Rb6+ 60.
Bc6 Rb4 61. d5 g4 62. e6 g3 63. e7+ Bxe7+ 64. Rxe7 g2 65. Re1 Rg4 66. Rg1 a4 67.
Kc5 Ke7 68. d6+ {Black resigns} 1-0

[Event "Team 45 45 League T45"]
[Site "Internet Chess Club"]
[Date "2010.06.10"]
[Round "6"]
[White "bogolijubov"]
[Black "fishhead"]
[Result "1/2-1/2"]
[WhiteElo "1847"]
[BlackElo "2142"]
[Opening "Nimzovich-Larsen attack: Indian variation"]
[ECO "A01"]
[Time "16:14:06"]
[TimeControl "2700+45"]

1. b3 Nf6 2. Bb2 e6 3. e3 Be7 4. g3 c5 5. Bg2 Nc6 6. Nf3 d5 7. O-O Qc7 8. Qe2 e5
9. c4 dxc4 10. bxc4 O-O 11. Nc3 h6 12. Nb5 Qb8 13. d3 Bf5 14. Rfd1 a6 15. Nc3
Re8 16. Nd5 {Game drawn by mutual agreement} 1/2-1/2

[Event "Team 45 45 League T45"]
[Site "Internet Chess Club"]
[Date "2010.06.12"]
[Round "6"]
[White "CapitanTrueno"]
[Black "froggoathorse"]
[Result "1-0"]
[WhiteElo "1798"]
[BlackElo "1821"]
[Opening "Petrov: Cozio (Lasker) attack"]
[ECO "C42"]
[Time "17:25:18"]
[TimeControl "2700+45"]

1. e4 e5 2. Nf3 Nf6 3. Nxe5 d6 4. Nf3 Nxe4 5. Qe2 Qe7 6. d3 Nf6 7. Bg5 Qxe2+ 8.
Bxe2 Be7 9. O-O c6 10. Nc3 Na6 11. Rfe1 Nc7 12. Bf1 Ne6 13. Bh4 Bd7 14. Ne4 Nxe4
15. Bxe7 Kxe7 16. Rxe4 d5 17. Re3 f6 18. Nd4 Kf7 19. Nxe6 Bxe6 20. Rae1 Rhe8 21.
d4 Bf5 22. Rxe8 Rxe8 23. Rxe8 Kxe8 24. c3 Ke7 25. g3 Kd6 26. f4 c5 27. Kf2 a6
28. dxc5+ Kxc5 29. Ke3 b5 30. b4+ Kd6 31. Kd4 h6 32. Bg2 Be6 33. Bf3 g5 34. fxg5
hxg5 35. h4 g4 36. Bg2 Bf7 37. Bh1 Kc6 38. Bg2 Kd6 39. Bf1 Bg6 40. Be2 Bh5 41.
Bd3 Bf7 42. Bf5 Be6 43. Bg6 Ke7 44. h5 Kf8 45. h6 Kg8 46. a3 Kh8 47. Ke3 f5 48.
Kf4 Kg8 49. Bxf5 Bf7 50. Kxg4 Be8 51. Kf4 Kf7 52. Ke5 Bc6 53. Be6+ Kg6 54. Bxd5
Bd7 55. Bb7 Kxh6 56. Bxa6 Kg5 57. Kd6 Be8 58. Kc5 Kg4 59. Bxb5 Bf7 60. a4 Kxg3
61. a5 Bh5 62. a6 Bf3 63. a7 Kf4 64. Bc6 Ke3 65. Bxf3 Kxf3 66. a8=Q+ Ke3 67. Qd5
Kf4 68. Qe6 Kf3 69. Kd4 Kf4 70. Qf6+ Kg4 71. Ke3 Kg3 72. Qg5+ {Black resigns}
1-0

[Event "Team 45 45 League T45"]
[Site "Internet Chess Club"]
[Date "2010.06.12"]
[Round "6"]
[White "BishopMike"]
[Black "jrichman38"]
[Result "0-1"]
[WhiteElo "1479"]
[BlackElo "1604"]
[Opening "Caro-Kann: advance variation"]
[ECO "B12"]
[Time "10:31:04"]
[TimeControl "2700+45"]

1. e4 c6 2. d4 d5 3. e5 c5 4. Nf3 Nc6 5. Be3 Bg4 6. Be2 Qb6 7. Nbd2 e6 8. O-O
Nh6 9. h3 Bxf3 10. Nxf3 Nf5 11. c3 Nxe3 12. fxe3 Qxb2 13. Rb1 Qxc3 14. Qc1 cxd4
15. exd4 Qxc1 16. Rfxc1 O-O-O 17. Bb5 Kc7 18. Rb3 Rc8 19. Ng5 Be7 20. Nxf7 Rhf8
21. Nd6 Bxd6 22. exd6+ Kxd6 23. Rd1 Na5 24. Rg3 g6 25. Ra3 b6 26. Re1 Rc7 27.
Rae3 Rf6 28. h4 Nc4 29. R3e2 Re7 30. Rc2 Rf4 31. Bxc4 dxc4 32. Rxc4 Rxh4 33. Re5
Rxd4 34. Rxe6+ Kxe6 35. Rxd4 Rd7 36. Re4+ Kf5 37. Re2 b5 38. Rc2 a6 39. Rc6 Ra7
40. a3 Ke5 41. Kf2 Kd5 42. Rf6 Kc4 43. Rf3 a5 44. Ke2 Rd7 45. g3 b4 46. axb4
axb4 47. Rf8 b3 48. Rc8+ Kb4 49. Rb8+ Ka3 50. Ra8+ Kb2 51. Rb8 Rc7 52. Kd2 Rc2+
53. Kd1 Rg2 54. Rb7 Rxg3 55. Rxh7 Rg2 56. Rb7 g5 57. Ke1 g4 58. Kf1 Rc2 59. Rg7
Rc4 60. Ke2 Kc2 61. Rb7 b2 {White resigns} 0-1

[Event "Team 45 45 League T45"]
[Site "Internet Chess Club"]
[Date "2010.06.11"]
[Round "6"]
[White "Visin"]
[Black "Rapidcitychess"]
[Result "0-1"]
[WhiteElo "1402"]
[BlackElo "1419"]
[Opening "Sicilian: Najdorf, Adams attack"]
[ECO "B90"]
[Time "14:00:16"]
[TimeControl "2700+45"]

1. e4 c5 2. Nf3 d6 3. d4 cxd4 4. Nxd4 Nf6 5. Nc3 a6 6. h3 b5 7. b4 Bb7 8. Bd3
Nc6 9. Nxc6 Bxc6 10. Bb2 e6 11. O-O d5 12. e5 Nd7 13. Ne2 Bxb4 14. a3 Bc5 15.
Kh1 Qb6 16. f4 O-O 17. c3 Bb7 18. Bc2 Nb8 19. Qd3 g6 20. Qg3 Kg7 21. f5 Nd7 22.
f6+ Kh8 23. Qg5 Rg8 24. Bc1 Qd8 25. Rf4 Qc7 26. Bd2 Qxe5 27. Qh6 Bf8 28. Qh4
Qxe2 29. Rf2 Qe5 30. Re1 Qc7 31. Re3 Bc5 32. Bxg6 Rxg6 33. Rg3 Bxf2 34. Rxg6
Bxh4 35. Rg7 Bxf6 36. Rxf7 Rf8 37. Rxf8+ Nxf8 {White resigns} 0-1

[Event "Team 45 45 League T45"]
[Site "Internet Chess Club"]
[Date "2010.06.12"]
[Round "6"]
[White "Aquaman"]
[Black "katabatico"]
[Result "1-0"]
[WhiteElo "1279"]
[BlackElo "1325"]
[Opening "Réti: King's Indian attack, Yugoslav variation"]
[ECO "A05"]
[Time "15:00:25"]
[TimeControl "2700+45"]

1. Nf3 Nf6 2. g3 d5 3. Bg2 c6 4. O-O Bg4 5. d3 Nbd7 6. Nbd2 e5 7. e4 dxe4 8.
dxe4 Bc5 9. h3 Bh5 10. Re1 O-O 11. c3 Qb6 12. Rf1 Rad8 13. Qc2 Rfe8 14. b4 Bf8
15. Nc4 Qc7 16. a4 Nb6 17. Ne3 c5 18. a5 Nc8 19. b5 c4 20. Nd2 Be2 21. Re1 Bd3
22. Qa4 Nd6 23. Ba3 Nfxe4 24. Nxe4 Bxe4 25. Bxd6 Qd7 26. Bxf8 Bxg2 27. Kxg2 Rxf8
28. Rad1 Qc8 29. Rxd8 Rxd8 30. Rd1 Rxd1 31. Qxd1 g6 32. Qd5 Qc7 33. Nxc4 a6 34.
b6 {Black resigns} 1-0

[Event "Team 45 45 League T45"]
[Site "Internet Chess Club"]
[Date "2010.06.15"]
[Round "6"]
[White "radiohead"]
[Black "Mark-SF"]
[Result "0-1"]
[WhiteElo "1314"]
[BlackElo "1429"]
[Opening "QGD semi-Slav"]
[ECO "D43"]
[Time "21:00:26"]
[TimeControl "2700+45"]

1. d4 d5 2. c4 c6 3. Nf3 e6 4. Nc3 Nf6 5. Bg5 Bb4 6. Qc2 O-O 7. e3 Be7 8. Bd3 h6
9. Bxf6 Bxf6 10. O-O Re8 11. Ne5 Nd7 12. Nxf7 Kxf7 13. Bg6+ Ke7 14. Bxe8 Qxe8
15. cxd5 exd5 16. Rfe1 Kf7 17. Ne2 Nb6 18. b3 Be6 19. Nf4 Ke7 20. Nxe6 Kxe6 21.
Rad1 Kd7 22. e4 dxe4 23. Rxe4 Qf7 24. Rde1 Nd5 25. Qc4 Rd8 26. a4 Qf8 27. Qc5
Qxc5 28. dxc5 Nc7 29. Rd1+ Nd5 30. g3 Kc7 31. Rd3 Kc8 32. Kg2 Rd7 33. Re8+ Rd8
34. Rxd8+ Kxd8 35. h4 Kc7 36. Rd1 Be7 37. Rc1 Nb4 38. Rc4 Nd3 39. Rc3 Nxc5 40.
Rf3 Bf6 41. Kh3 a6 42. Kg4 Nd7 43. Kh5 b5 44. axb5 axb5 45. g4 c5 46. g5 hxg5
47. hxg5 Be5 48. Rf7 c4 49. bxc4 bxc4 50. Rf3 c3 51. Rh3 c2 52. Rh1 Bb2 53. f4
Nf8 54. f5 c1=Q 55. Rxc1+ Bxc1 56. f6 gxf6 57. gxf6 Kd7 58. Kg4 Ke6 59. Kf3 Kxf6
60. Ke4 Nd7 61. Kd5 Ke7 62. Ke4 Ba3 63. Kd5 Bd6 64. Ke4 Kf6 65. Kd5 Bb8 66. Kc6
Ke6 67. Kb5 Kd5 68. Kb4 Bh2 69. Kc3 Ne5 70. Kb4 Bg1 71. Kb3 Kc5 72. Kc3 Bf2 73.
Kd2 Kd4 74. Kc2 Ke3 75. Kb3 Kd3 76. Kb4 Ke4 77. Kc3 Be1+ 78. Kc2 Ke3 79. Kd1 Nf3
80. Kc2 Ke2 81. Kb3 Kd3 82. Ka4 Kc4 83. Ka3 Nd4 84. Kb2 Kb4 85. Ka2 Bd2 86. Kb2
Ka4 87. Ka2 Bc1 88. Kb1 Ba3 89. Ka2 Kb4 90. Ka1 Kb3 91. Kb1 Ne2 92. Ka1 Bb2+
{White resigns} 0-1

[Event "Team 45 45 League T45"]
[Site "Internet Chess Club"]
[Date "2010.06.13"]
[Round "6"]
[White "AlPearson"]
[Black "oldprez"]
[Result "1-0"]
[WhiteElo "1478"]
[BlackElo "1322"]
[Opening "English, 1...Nf6 (Anglo-Indian defense)"]
[ECO "A15"]
[Time "14:27:09"]
[TimeControl "2700+45"]

1. c4 Nf6 2. g3 g6 3. Bg2 Bg7 4. e4 d6 5. Ne2 O-O 6. O-O Nbd7 7. Nbc3 c5 8. d3
Rb8 9. Bg5 Re8 10. Qd2 Ne5 11. f4 Nfg4 12. fxe5 Nxe5 13. Rad1 Bd7 14. Bh6 Bh8
15. h4 Ng4 16. Bh3 Nxh6 17. Bxd7 Qxd7 18. Qxh6 Be5 19. h5 Qg4 20. hxg6 fxg6 21.
Kg2 Rf8 22. Qh4 Qxh4 23. gxh4 a6 24. b3 Bf6 25. Kh3 e6 26. Nb1 Rf7 27. Rf3 Rbf8
28. Rdf1 h6 29. Nbc3 g5 30. hxg5 hxg5 31. Kg4 Kg7 32. Nd1 Rh8 33. Rh3 Rh4+ 34.
Rxh4 gxh4 35. Ne3 Kh6 36. Ng2 Rg7+ 37. Kh3 Bg5 38. Nxh4 Bxh4 39. Kxh4 Rg2 40.
Nf4 Rxa2 41. Nxe6 Rh2+ 42. Kg3 Rh5 43. Rf6+ Kh7 44. Rf7+ Kg8 45. Rxb7 Rh7 46.
Rxh7 Kxh7 47. Nc7 a5 48. Nb5 Kg6 49. Kf4 Kf6 50. Nxd6 Ke6 51. Nb7 a4 52. bxa4
Kd7 53. Nxc5+ Kc6 54. a5 {Black resigns} 1-0

[Event "Team 45 45 League T45"]
[Site "Internet Chess Club"]
[Date "2010.06.12"]
[Round "6"]
[White "Muravey"]
[Black "TheronUAL"]
[Result "1/2-1/2"]
[WhiteElo "1437"]
[BlackElo "1420"]
[Opening "Caro-Kann: Panov-Botvinnik attack, 5...e6"]
[ECO "B14"]
[Time "11:00:49"]
[TimeControl "2700+45"]

1. e4 c6 2. d4 d5 3. exd5 cxd5 4. c4 Nf6 5. Nc3 e6 6. Nf3 Bb4 7. Be2 O-O 8. O-O
Nc6 9. a3 Be7 10. Be3 Re8 11. Qc2 a6 12. Rfd1 Qc7 13. Bg5 dxc4 14. Bxc4 b5 15.
Bb3 Bb7 16. Bxf6 Bxf6 17. Ne4 Qe7 18. Qd3 Na5 19. Bc2 Nc4 20. b3 Nb2 21. Nxf6+
Qxf6 22. Qxh7+ Kf8 23. Rd2 Bxf3 24. gxf3 Qg5+ 25. Kh1 Qxd2 26. Rg1 Qh6 27. Qe4
Rad8 28. Rg4 Rd5 29. Rh4 Rh5 30. Rxh5 Qxh5 31. Qf4 Rd8 32. Be4 Nd1 33. Qd2 Nxf2+
34. Qxf2 Qh6 35. Qc2 Qe3 36. Kg2 Qxd4 37. Kh3 Qd6 38. b4 Qd7 39. Bc6 Qc7 40. Qe4
Rc8 41. Bb7 Rd8 42. Bxa6 Rd5 43. Qh4 Rf5 44. Qg4 Rf4 45. Qg3 Qe5 46. Bxb5 Qf5+
47. Kg2 Qg6 48. Bf1 Qxg3+ 49. hxg3 Rd4 50. Kf2 Rd2+ 51. Ke3 Ra2 52. b5 Rxa3+ 53.
Ke4 f6 54. g4 Ra4+ 55. Ke3 Rb4 56. Be2 Ke7 57. f4 Kd6 58. f5 exf5 59. gxf5 Ke5
60. Bd3 Kd6 61. Ke2 Ke5 62. Ke3 Kd6 63. Kd2 Kc5 64. Ke3 Rb3 65. Ke4 Kd6 66. Ke3
Rb4 67. Kd2 Kc5 68. Ke3 Kb6 69. Kd2 Ka5 70. Ke3 Ka4 71. Kd2 Ka3 72. Kc3 Rf4 73.
Kd2 Kb2 74. Ke3 Rh4 75. Be4 Rh3+ 76. Bf3 Kc3 77. b6 Rh4 78. Be4 Rh8 79. b7 Rb8
80. Kf4 Kd4 81. Bf3 Kc5 82. Kg4 Kd4 83. Kh5 Ke5 84. Kg6 Kf4 85. Bg2 Ke5 86. Bh1
Kf4 87. Kxg7 Kxf5 88. Kf7 Ke5 89. Ke7 f5 90. Kd7 {Game drawn by mutual
agreement} 1/2-1/2

[Event "Team 45 45 League T45"]
[Site "Internet Chess Club"]
[Date "2010.06.11"]
[Round "6"]
[White "AtomicDog"]
[Black "SeniorCitizen"]
[Result "1-0"]
[WhiteElo "1555"]
[BlackElo "1239"]
[Opening "French: Tarrasch, open variation"]
[ECO "C07"]
[Time "09:00:17"]
[TimeControl "2700+45"]

1. e4 e6 2. d4 d5 3. Nd2 c5 4. exd5 cxd4 5. dxe6 Bxe6 6. Bd3 Nf6 7. Ngf3 Nc6 8.
O-O Bc5 9. Re1 O-O 10. Ne4 Nxe4 11. Bxe4 Bd5 12. Bxh7+ Kxh7 13. Ng5+ Kg8 14. Qh5
{Black resigns} 1-0

[Event "Team 45 45 League T45"]
[Site "Internet Chess Club"]
[Date "2010.06.11"]
[Round "6"]
[White "tryanything"]
[Black "ElmerHo"]
[Result "1/2-1/2"]
[WhiteElo "1570"]
[BlackElo "1546"]
[Opening "Blackmar gambit"]
[ECO "D00"]
[Time "19:06:11"]
[TimeControl "2700+45"]

1. d4 d5 2. e4 dxe4 3. Nc3 Nf6 4. f3 exf3 5. Nxf3 Bg4 6. h3 Bxf3 7. Qxf3 c6 8.
Be3 e6 9. Bd3 Be7 10. O-O Nbd7 11. Ne4 O-O 12. Qg3 Kh8 13. Qh4 Nxe4 14. Qxe4 g6
15. Bh6 f5 16. Qxe6 Re8 17. Rae1 Bf8 18. Qxe8 Qxe8 19. Rxe8 Rxe8 20. Bd2 Bg7 21.
c3 Nf6 22. Re1 Rxe1+ 23. Bxe1 Kg8 24. Kf2 Kf7 25. Kf3 Ke6 26. c4 Nd7 27. Bf2 a6
28. b3 h5 29. g4 hxg4+ 30. hxg4 fxg4+ 31. Kxg4 Nf8 32. a4 {Game drawn by mutual
agreement} 1/2-1/2

[Event "Team 45 45 League T45"]
[Site "Internet Chess Club"]
[Date "2010.06.13"]
[Round "6"]
[White "ars-felidae"]
[Black "Zohan"]
[Result "1-0"]
[WhiteElo "1344"]
[BlackElo "1536"]
[Opening "Sicilian"]
[ECO "B50"]
[Time "11:00:12"]
[TimeControl "2700+45"]

1. e4 c5 2. Nf3 d6 3. Nc3 e5 4. Bc4 Be7 5. d3 Nf6 6. Ng5 O-O 7. O-O Bg4 8. Nf3
Nc6 9. h3 Bxf3 10. Qxf3 Nd4 11. Qd1 a6 12. Nd5 b5 13. Nxe7+ Qxe7 14. Bd5 Nxd5
15. exd5 Rfe8 16. c3 Nf5 17. Qf3 Qd7 18. Re1 Rac8 19. Bg5 h6 20. Bd2 Re7 21. Qe4
Rb8 22. b3 Rbe8 23. b4 cxb4 24. Qxb4 Rb8 25. a4 Rb7 26. axb5 Rxb5 27. Qc4 a5 28.
Rab1 Rxb1 29. Rxb1 Qd8 30. Qg4 g6 31. Qa4 Ra7 32. g4 Ne7 33. c4 h5 34. Be3 Ra6
35. Rb7 Nc8 36. Qb5 Ra8 37. Rd7 Qe8 38. Qb7 Rb8 39. Qc7 Rb1+ 40. Kg2 Kg7 41. Rd8
Qe7 42. Qxc8 hxg4 43. Rh8 g3 44. Qg8+ Kf6 45. Rh7 Rb7 46. Qg7+ Kf5 47. Qh6 Qf6
48. fxg3 Rb2+ 49. Bf2 a4 50. g4# {Black checkmated} 1-0

[Event "Team 45 45 League T45"]
[Site "Internet Chess Club"]
[Date "2010.06.13"]
[Round "6"]
[White "JimGaming"]
[Black "DrOMM"]
[Result "0-1"]
[WhiteElo "1264"]
[BlackElo "1322"]
[Opening "Caro-Kann: exchange, Rubinstein variation"]
[ECO "B13"]
[Time "16:00:26"]
[TimeControl "2700+45"]

1. e4 c6 2. d4 d5 3. exd5 cxd5 4. Bd3 Nc6 5. c3 Nf6 6. Bf4 Qb6 7. b4 Nxd4 8.
cxd4 Qxb4+ 9. Bd2 Qxd4 10. Bc3 Qc5 11. Ne2 e6 12. Bd4 Qd6 13. Nbc3 a6 14. O-O
Be7 15. Qa4+ Bd7 16. Qc2 e5 17. Bf5 Bxf5 18. Qxf5 exd4 19. Nxd4 O-O 20. f3 Rac8
21. Qd3 Qc5 22. Rac1 Qc4 23. Qe3 Bc5 24. Rfd1 Rfe8 25. Qd2 Qxd4+ 26. Qxd4 Bxd4+
27. Rxd4 Rc5 28. Kf2 h6 29. g4 Rec8 30. Nxd5 Nxd5 31. Rxd5 Rxc1 32. Rd7 R1c7 33.
Rd6 f6 34. Kg3 Kf7 35. Rd2 Ke6 36. f4 Rc2 37. Rd4 Ke7 38. a4 R2c4 39. Rd3 Rc3
40. Rxc3 Rxc3+ 41. Kh4 Ra3 42. Kh5 Kf7 43. h4 Rxa4 44. f5 b5 45. g5 fxg5 46.
hxg5 hxg5 47. Kxg5 b4 48. f6 gxf6+ 49. Kh6 b3 50. Kh7 Rg4 51. Kh8 b2 52. Kh7
b1=Q+ 53. Kh8 Qh1# {White checkmated} 0-1

[Event "Team 45 45 League T45"]
[Site "Internet Chess Club"]
[Date "2010.06.12"]
[Round "6"]
[White "alaskauk"]
[Black "zigzag2002"]
[Result "1/2-1/2"]
[WhiteElo "1527"]
[BlackElo "1586"]
[Opening "Giuoco Piano"]
[ECO "C50"]
[Time "09:30:21"]
[TimeControl "2700+45"]

1. e4 e5 2. Nf3 Nc6 3. Bc4 Bc5 4. O-O Nf6 5. d3 O-O 6. Nc3 d6 7. Bg5 h6 8. Bxf6
Qxf6 9. Nd5 Qd8 10. c3 a5 11. h3 Be6 12. a3 Ne7 13. d4 exd4 14. cxd4 Ba7 15. Rc1
c6 16. Nxe7+ Qxe7 17. Bxe6 fxe6 18. Qd2 Bb8 19. Rc3 Qc7 20. d5 exd5 21. exd5 c5
22. Re1 Ba7 {Game drawn by mutual agreement} 1/2-1/2

[Event "Team 45 45 League T45"]
[Site "Internet Chess Club"]
[Date "2010.06.13"]
[Round "6"]
[White "ryan2chess"]
[Black "Tjet"]
[Result "1-0"]
[WhiteElo "1575"]
[BlackElo "1527"]
[Opening "King's pawn opening"]
[ECO "B07"]
[Time "15:02:09"]
[TimeControl "2700+45"]

1. e4 d6 2. d4 e5 3. dxe5 dxe5 4. Qxd8+ Kxd8 5. Nf3 Bd6 6. Bc4 Be6 7. Bxe6 fxe6
8. Nc3 a6 9. Be3 Ke7 10. Ke2 Nf6 11. a3 g6 12. Nd2 Nbd7 13. Nc4 Ng4 14. Bg5+
Ngf6 15. Nxd6 cxd6 16. Rad1 h6 17. Be3 g5 18. a4 Rac8 19. Rd2 Rc6 20. Rhd1 Rhc8
21. f3 Ne8 22. g3 Nb6 23. Rd3 Nc4 24. Bc1 Rb6 25. b3 Rbc6 26. bxc4 Rxc4 27. Bb2
b5 28. axb5 axb5 29. R1d2 b4 30. Na2 Rxc2 31. Rxc2 Rxc2+ 32. Rd2 Rxd2+ 33. Kxd2
b3 34. Nc1 Nf6 35. Nxb3 g4 36. fxg4 Nxg4 37. h4 h5 38. Ke2 d5 39. exd5 exd5 40.
Nd2 Ke6 41. Nf3 e4 42. Nd2 Nh6 43. Ke3 Nf5+ 44. Kf4 e3 45. Nf3 e2 46. Ne1 d4 47.
Nd3 Kf6 48. Bc1 Kg6 49. Kf3 Kf6 50. Bf4 Ke6 51. Kxe2 Kd5 52. Kf3 Kc4 53. Ke4 Ne7
54. Bg5 Nc6 55. Ne5+ Nxe5 56. Kxe5 d3 57. Kf6 Kc3 58. Kg6 d2 59. Bxd2+ Kxd2 60.
Kxh5 Ke3 61. g4 Kf4 62. g5 Kf5 63. g6 Kf6 64. Kh6 Ke7 65. g7 Kf7 66. Kh7 {Black
resigns} 1-0